 Dungeon Crawl Stone Soup version 0.17.1-3-g152610e (webtiles) character file.

28 Gargoyl the Skirmisher (level 3, 0/29 HPs)
             Began as a Demonspawn Abyssal Knight on Mar 8, 2016.
             Was a Follower of Lugonu.
             Slain by a kobold (2 damage)
             ... on level 1 of the Dungeon.
             The game lasted 00:01:51 (999 turns).

Gargoyl the Skirmisher (Demonspawn Abyssal Knight)   Turns: 999, Time: 00:01:51

Health: 0/29       AC:  7    Str: 13    XL:     3   Next: 0%
Magic:  0/5        EV: 10    Int: 13    God:    Lugonu [*.....]
Gold:   62         SH:  0    Dex: 12    Spells: 0 memorised, 2 levels left

rFire  . . .     SeeInvis .     a - +1 hand axe
rCold  . . .     Clarity  .     e - +0 ring mail
rNeg   . . .     SustAt   .     (no shield)
rPois  .         Gourm    .     (no helmet)
rElec  .         Spirit   +     (no cloak)
rCorr  .         Warding  .     (no gloves)
rMut   .         Stasis   .     (no boots)
MR     .....                    (no amulet)
Stlth  +.........               (no ring)
                                (no ring)

@: not resistant to hostile enchantments, very unstealthy
A: thin metallic scales 1, magic shield
a: Depart the Abyss, Renounce Religion


You were on level 1 of the Dungeon.
You worshipped Lugonu.
Lugonu was aware of your devotion.
You were not hungry.

You visited 1 branch of the dungeon, and saw 1 of its levels.
You visited the Abyss 1 time.

You collected 62 gold pieces.

Inventory:

Hand Weapons
 a - a +1 hand axe (weapon)
Armour
 e - a +0 ring mail (worn)
Scrolls
 b - a scroll of identify {unknown}
 f - a scroll of blinking {unknown}
 g - a scroll of random uselessness {unknown}
Potions
 d - a potion of flight {unknown}
 h - a potion of ambrosia {unknown}
Comestibles
 c - a bread ration


   Skills:
 + Level 3.3 Fighting
 + Level 2.1 Axes
 + Level 2.1 Armour
 + Level 1.1 Dodging
 + Level 2.9 Invocations


You had 2 spell levels left.
You didn't know any spells.

Dungeon Overview and Level Annotations

Branches:
Dungeon (1/15)

Altars:


Innate Abilities, Weirdness & Mutations

You are partially covered in thin metallic scales (AC +2).
When hurt, damage is shared between your health and your magic reserves.


Message History

The kobold hits you but does no damage. The hobgoblin closely misses you.
The kobold closely misses you.
The hobgoblin hits you but does no damage.
The kobold barely misses you. The hobgoblin hits you.
* * * LOW HITPOINT WARNING * * *
The kobold closely misses you. The hobgoblin closely misses you.
The kobold hits you.
* * * LOW HITPOINT WARNING * * *
The hobgoblin hits you but does no damage.
The kobold hits you but does no damage. The hobgoblin barely misses you.
The kobold barely misses you. The hobgoblin hits you.
* * * LOW HITPOINT WARNING * * *
The kobold misses you.
The hobgoblin hits you but does no damage.
The kobold barely misses you. The hobgoblin barely misses you.
The kobold hits you but does no damage. The hobgoblin misses you.
The kobold closely misses you.
The hobgoblin hits you but does no damage.
The kobold hits you.
You die...

# #......... .#
#......... .#
###........[ ##.#
............ #..
##.........
#######.#### #.........
#..........# ###.......
#......K...# #........
#.)..g@(...# #........
#..........#####.......
#..................####
#..........######.##
#..........# #.#
#(.........# #.#
#..........# #.#
############ ..# ###


You could see a hobgoblin and a kobold.

Vanquished Creatures
  An ooze (D:1)
  A giant gecko (D:1)
  A giant cockroach (D:1)
  3 hobgoblins (D:1)
  4 bats (D:1)
  2 giant newts (D:1)
  A goblin (D:1)
  4 jackals (D:1)
  4 kobolds (D:1)
  2 rats (D:1)
23 creatures vanquished.

Notes
Turn   | Place    | Note
--------------------------------------------------------------
     0 | Abyss:1  | Gargoyl the Demonspawn Abyssal Knight began the quest for the Orb.
     0 | Abyss:1  | Reached XP level 1. HP: 18/18 MP: 2/2
    51 | Abyss:1  | Found a corrupted altar of Lugonu.
    67 | Abyss:1  | Noticed a large abomination
    73 | D:1      | Escaped the Abyss
   197 | D:1      | Reached skill level 1 in Dodging
   226 | D:1      | Reached * piety under Lugonu
   509 | D:1      | Gained mutation: You are partially covered in thin metallic scales (AC +2). [demonic ancestry]
   509 | D:1      | Reached XP level 2. HP: 24/24 MP: 4/4
   929 | D:1      | Gained mutation: When hurt, damage is shared between your health and your magic reserves. [demonic ancestry]
   929 | D:1      | Reached XP level 3. HP: 29/29 MP: 5/5
   999 | D:1      | Slain by a kobold

Action                   || total
-------------------------++-------
Melee: Hand axe          ||    64
Invok: Depart the Abyss  ||     1
